Match 46970978
Unlisted

Match 46970978
End
Royal Engineer Section
Construct Section Command Post
Infantry Section
ML 3-inch Mortar Team
Infantry Section
Construct Field Infirmary
Selects Canadian Shock Battlegroup
Selects Offensive Resupply
Selects Canadian Shock Section
Construct Platoon Command Post
Grenade Package
Humber Armored Car
Infantry Section
Selects Incendiary Munitions
6-pounder Anti-tank Gun Team
Selects Pyrotechnics
Unlock Bishop Self-propelled Artillery
Like a G6
Adult Asthma Is A Choice
Happy Se Hyeon
Agent-S
Fookin' Laser Sights
Re:Re
HuaLim
LW | MUERTE
0
0

Comments sign in to comment!

No comments posted yet!